ESL (28 & UNDER)
PENQUANNOCK OVERRATED JETER @ MINNESOTA MANBEARPIGS
08/29/2030
 
TOP OF THE 1ST
Penquannock Overrated Jeter batting - Pitching for Minnesota ManBearPigs : RHP Ryan Allen
Pitching: RHP Ryan Allen
Batting: LHB Francisco Medina 0-0: Ball
1-0: Called Strike
1-1: Ball
2-1: Ball
3-1: Base on Balls
Batting: RHB Phil Wright 0-0: Ball
1-0: Called Strike
1-1: Foul Ball, location: 2F
1-2: Foul Ball, location: 2F
1-2: Strikes out swinging
Batting: RHB Gary Wyatt 0-0: Ball
1-0: SINGLE (Line Drive, 9S)
Francisco Medina to second
Batting: LHB Félix Costa 0-0: Called Strike
0-1: Grounds into double play, 4-6-3 (Groundball, 4)
Top of the 1st over - 0 runs, 1 hit, 0 errors, 1 left on base; Penquannock 0 - Minnesota 0
BOTTOM OF THE 1ST
Minnesota ManBearPigs batting - Pitching for Penquannock Overrated Jeter : RHP César Villanueva
Pitching: RHP César Villanueva
Batting: RHB Jeffrey Hicks 0-0: Called Strike
0-1: Fly out, F8 (Flyball, 8RM)
Batting: SHB Juan Carlos González 0-0: Called Strike
0-1: Ball
1-1: Foul Ball, location: 2F
1-2: Foul Ball, location: 2F
1-2: Ball
2-2: Ball
3-2: Base on Balls
Batting: LHB Pedro Escobar 0-0: Ball
1-0: Called Strike
1-1: Ball
Juan Carlos González is caught stealing 2nd base
2-1: Ball
3-1: Base on Balls
Batting: RHB James Hunter 0-0: Ball
1-0: Foul Ball, location: 2F
1-1: Ball
2-1: Foul Ball, location: 2F
2-2: SINGLE (Line Drive, 6D)
Pedro Escobar to second
Batting: RHB Jaime Hernández 0-0: Called Strike
0-1: Ball
1-1: Called Strike
1-2: Ball
2-2: Ball
3-2: 3-RUN HOME RUN (Flyball, 78XD), Distance : 416 ft
Batting: RHB Irving Galloway 0-0: Ball
1-0: Foul Ball, location: 2F
1-1: Swinging Strike
1-2: Ground out 6-3 (Groundball, 6)
Bottom of the 1st over - 3 runs, 2 hits, 0 errors, 0 left on base; Penquannock 0 - Minnesota 3
TOP OF THE 2ND
Penquannock Overrated Jeter batting - Pitching for Minnesota ManBearPigs : RHP Ryan Allen
Batting: SHB Cristián López 0-0: Ball
1-0: Ball
2-0: Called Strike
2-1: Foul Ball, location: 2F
2-2: Ball
3-2: Foul Ball, location: 2F
3-2: Base on Balls
Batting: RHB Manny Perea 0-0: Ball
1-0: Called Strike
1-1: Swinging Strike
1-2: Ball
2-2: Strikes out looking
Batting: LHB José Morales 0-0: Ground out 4-3 (Groundball, 34)
Cristián López to second
Batting: RHB Bobby Hendricks 0-0: Ball
1-0: Ball
2-0: Ground out 5-3 (Groundball, 5)
Top of the 2nd over - 0 runs, 0 hits, 0 errors, 1 left on base; Penquannock 0 - Minnesota 3
BOTTOM OF THE 2ND
Minnesota ManBearPigs batting - Pitching for Penquannock Overrated Jeter : RHP César Villanueva
Batting: RHB Gustavo Medine 0-0: Ball
1-0: Foul Ball, location: 2F
1-1: Swinging Strike
1-2: Foul Ball, location: 2F
1-2: Ball
2-2: Fly out, F7 (Flyball, 78D)
Batting: SHB Darrel Lang 0-0: SINGLE (Groundball, 3D)
Batting: RHB Carlos Luna 0-0: Called Strike
0-1: Called Strike
0-2: Ball
1-2: Foul Ball, location: 2F
1-2: Fly out, F8 (Flyball, 8RD)
Batting: RHB Jeffrey Hicks 0-0: Ball
1-0: Foul Ball, location: 2F
1-1: Swinging Strike
1-2: Ball
2-2: Strikes out swinging
Bottom of the 2nd over - 0 runs, 1 hit, 0 errors, 1 left on base; Penquannock 0 - Minnesota 3
TOP OF THE 3RD
Penquannock Overrated Jeter batting - Pitching for Minnesota ManBearPigs : RHP Ryan Allen
Batting: RHB Guillermo Gracía 0-0: Foul Ball, location: 2F
0-1: Ball
1-1: Ball
2-1: Ball
3-1: Foul Ball, location: 2F
3-2: Base on Balls
Batting: LHB Francisco Medina 0-0: Foul Ball, location: 2F
0-1: Ball
1-1: Fly out, F3 (Popup, 3SF)
Batting: RHB Phil Wright 0-0: Ball
Wild Pitch!
Guillermo Gracía to second
1-0: Called Strike
1-1: Called Strike
1-2: SINGLE (Line Drive, 6MD)
Guillermo Gracía to third
Batting: RHB Gary Wyatt 0-0: DOUBLE (Flyball, 89D)
Guillermo Gracía scores
Phil Wright to third
Pinch Runner at 2nd Theodore Burns:
Batting: LHB Félix Costa 0-0: Swinging Strike
0-1: Ground out 6-3 (Groundball, 6)
Phil Wright scores
Batting: SHB Cristián López 0-0: Called Strike
0-1: Ball
1-1: Ground out 4-3 (Groundball, 4)
Top of the 3rd over - 2 runs, 2 hits, 0 errors, 1 left on base; Penquannock 2 - Minnesota 3
BOTTOM OF THE 3RD
Minnesota ManBearPigs batting - Pitching for Penquannock Overrated Jeter : RHP César Villanueva
Now at SS: Theodore Burns
Batting: SHB Juan Carlos González 0-0: SINGLE (Groundball, 4MD)
Batting: LHB Pedro Escobar 0-0: Ball
1-0: Called Strike
1-1: Ball
2-1: Ball
3-1: Base on Balls
Juan Carlos González to second
Batting: RHB James Hunter 0-0: Ball
1-0: Ball
2-0: Ball
3-0: Base on Balls
Juan Carlos González to third
Pedro Escobar to second
Batting: RHB Jaime Hernández 0-0: Ball
1-0: Swinging Strike
1-1: Fly out, F7 (Flyball, 7D)
Runner from 3rd tags up, SCORES, throw made
Batting: RHB Irving Galloway 0-0: Ground out U3 (Groundball, 3S)
Pedro Escobar to third
James Hunter to second
Batting: RHB Gustavo Medine 0-0: Ball
1-0: Ball
2-0: Ball
3-0: Base on Balls
Batting: SHB Darrel Lang 0-0: Foul Ball, location: 2F
0-1: Ball
1-1: Foul Ball, location: 2F
1-2: Ball
2-2: Strikes out swinging
Bottom of the 3rd over - 1 run, 1 hit, 0 errors, 3 left on base; Penquannock 2 - Minnesota 4
TOP OF THE 4TH
Penquannock Overrated Jeter batting - Pitching for Minnesota ManBearPigs : RHP Ryan Allen
Batting: RHB Manny Perea 0-0: Ball
1-0: Ball
2-0: Ball
3-0: Base on Balls
Batting: LHB José Morales 0-0: Ball
1-0: Grounds into double play, 4-6-3 (Groundball, 4)
Batting: RHB Bobby Hendricks 0-0: Ball
1-0: Foul Ball, location: 2F
1-1: Foul Ball, location: 2F
1-2: Strikes out swinging
Top of the 4th over - 0 runs, 0 hits, 0 errors, 0 left on base; Penquannock 2 - Minnesota 4
BOTTOM OF THE 4TH
Minnesota ManBearPigs batting - Pitching for Penquannock Overrated Jeter : RHP César Villanueva
Batting: RHB Carlos Luna 0-0: Foul Ball, location: 2F
0-1: Ball
1-1: Fly out, F7 (Flyball, 7)
Batting: RHB Jeffrey Hicks 0-0: Ball
1-0: Foul Ball, location: 2F
1-1: Foul Ball, location: 2F
1-2: Ball
2-2: Fly out, F4 (Line Drive, 4MD)
Batting: SHB Juan Carlos González 0-0: Called Strike
0-1: Foul Ball, location: 2F
0-2: Ball
1-2: Ball
2-2: Ball
3-2: Foul Ball, location: 2F
3-2: Foul Ball, location: 2F
3-2: Foul Ball, location: 2F
3-2: Foul Ball, location: 2F
3-2: Base on Balls
Pitching: RHP Mike Gordon
Batting: LHB Pedro Escobar 0-0: Ball
1-0: Foul Ball, location: 2F
1-1: Ball
2-1: Ball
3-1: Foul Ball, location: 2F
3-2: Foul Ball, location: 2F
3-2: Base on Balls
Juan Carlos González to second
Batting: RHB James Hunter 0-0: Called Strike
0-1: Ball
1-1: Ball
2-1: Ground out 4-3 (Groundball, 4S)
Bottom of the 4th over - 0 runs, 0 hits, 0 errors, 2 left on base; Penquannock 2 - Minnesota 4
TOP OF THE 5TH
Penquannock Overrated Jeter batting - Pitching for Minnesota ManBearPigs : RHP Ryan Allen
Batting: RHB Guillermo Gracía 0-0: Ball
1-0: Ball
2-0: Fly out, F4 (Popup, 4S)
Batting: LHB Francisco Medina 0-0: Ball
1-0: Fly out, F4 (Line Drive, 4)
Batting: RHB Phil Wright 0-0: Swinging Strike
0-1: Swinging Strike
0-2: Ball
1-2: Ball
2-2: Strikes out swinging
Top of the 5th over - 0 runs, 0 hits, 0 errors, 0 left on base; Penquannock 2 - Minnesota 4
BOTTOM OF THE 5TH
Minnesota ManBearPigs batting - Pitching for Penquannock Overrated Jeter : RHP Mike Gordon
Batting: RHB Jaime Hernández 0-0: Ball
1-0: Ground out 5-3 (Groundball, 56)
Batting: RHB Irving Galloway 0-0: Called Strike
0-1: Ball
1-1: Ball
2-1: Foul Ball, location: 2F
2-2: Ground out 6-3 (Groundball, 6)
Batting: RHB Gustavo Medine 0-0: Called Strike
0-1: Swinging Strike
0-2: Ball
1-2: Foul Ball, location: 2F
1-2: Foul Ball, location: 2F
1-2: Ball
2-2: Ground out 1-3 (Groundball, 15S)
Bottom of the 5th over - 0 runs, 0 hits, 0 errors, 0 left on base; Penquannock 2 - Minnesota 4
TOP OF THE 6TH
Penquannock Overrated Jeter batting - Pitching for Minnesota ManBearPigs : RHP Ryan Allen
Batting: RHB Theodore Burns 0-0: Swinging Strike
0-1: Foul Ball, location: 2F
0-2: Foul Ball, location: 2F
0-2: Strikes out swinging
Batting: LHB Félix Costa 0-0: Ball
1-0: Foul Ball, location: 2F
1-1: Ball
2-1: Ball
3-1: Foul Ball, location: 2F
3-2: Fly out, F3 (Popup, 34S)
Batting: SHB Cristián López 0-0: Ball
1-0: Foul Ball, location: 2F
1-1: Ball
2-1: Ball
3-1: Called Strike
3-2: Foul Ball, location: 2F
3-2: Fly out, F4 (Line Drive, 4)
Top of the 6th over - 0 runs, 0 hits, 0 errors, 0 left on base; Penquannock 2 - Minnesota 4
BOTTOM OF THE 6TH
Minnesota ManBearPigs batting - Pitching for Penquannock Overrated Jeter : RHP Mike Gordon
Batting: SHB Darrel Lang 0-0: Ball
1-0: Ball
2-0: DOUBLE (Line Drive, 9LM)
Batting: RHB Carlos Luna 0-0: Called Strike
0-1: Swinging Strike
0-2: Ball
1-2: Ball
Wild Pitch!
Darrel Lang to third
2-2: Fly out, F4 (Line Drive, 4)
Batting: RHB Jeffrey Hicks 0-0: Ball
1-0: Ground out U3 (Groundball, 34S)
Darrel Lang scores
Batting: SHB Juan Carlos González 0-0: Called Strike
0-1: Ball
1-1: Foul Ball, location: 2F
1-2: Ground out 5-3 (Groundball, 2L)
Bottom of the 6th over - 1 run, 1 hit, 0 errors, 0 left on base; Penquannock 2 - Minnesota 5
TOP OF THE 7TH
Penquannock Overrated Jeter batting - Pitching for Minnesota ManBearPigs : RHP Ryan Allen
Pitching: RHP Danny Johnston
Batting: RHB Manny Perea 0-0: Called Strike
0-1: Ball
1-1: Ball
2-1: Ball
3-1: Called Strike
3-2: Base on Balls
Batting: LHB José Morales 0-0: Called Strike
0-1: Swinging Strike
0-2: Strikes out swinging
Batting: RHB Bobby Hendricks 0-0: Foul Ball, location: 2F
0-1: Swinging Strike
0-2: Strikes out swinging
Batting: RHB Guillermo Gracía 0-0: Ball
1-0: Ball
2-0: Ball
Balk!
Manny Perea to second
3-0: Base on Balls
Batting: LHB Francisco Medina 0-0: Ground out 1-3 (Groundball, P)
Top of the 7th over - 0 runs, 0 hits, 0 errors, 2 left on base; Penquannock 2 - Minnesota 5
BOTTOM OF THE 7TH
Minnesota ManBearPigs batting - Pitching for Penquannock Overrated Jeter : RHP Mike Gordon
Batting: LHB Pedro Escobar 0-0: Called Strike
0-1: Ball
1-1: Ball
2-1: Foul Ball, location: 2F
2-2: SINGLE (Line Drive, 9S)
Batting: RHB James Hunter 0-0: DOUBLE (Flyball, 8LD)
Pedro Escobar to third
Batting: RHB Jaime Hernández 0-0: Ball
1-0: SINGLE (Groundball, 6) (infield hit)
Pedro Escobar scores
James Hunter to third
Pitching: RHP Gilbert Bright
Batting: RHB Irving Galloway 0-0: Foul Ball, location: 2F
0-1: Ball
1-1: Ball
2-1: Ball
3-1: Base on Balls
Jaime Hernández to second
Batting: RHB Gustavo Medine 0-0: SINGLE (Line Drive, 34)
James Hunter scores
Jaime Hernández to third
Irving Galloway to second
Batting: SHB Darrel Lang 0-0: Called Strike
0-1: Ball
1-1: Foul Ball, location: 2F
1-2: Foul Ball, location: 2F
1-2: Grounds into double play, 1-2-3 (Groundball, 13S)
Irving Galloway to third
Gustavo Medine to second
Batting: RHB Carlos Luna 0-0: Called Strike
0-1: Ball
1-1: Called Strike
1-2: Ground out 5-3 (Groundball, 56)
Bottom of the 7th over - 2 runs, 4 hits, 0 errors, 2 left on base; Penquannock 2 - Minnesota 7
TOP OF THE 8TH
Penquannock Overrated Jeter batting - Pitching for Minnesota ManBearPigs : RHP Danny Johnston
Now at C: Nicoli Turina
Now at 2B: Martín Pérez
Batting: RHB Phil Wright 0-0: Called Strike
0-1: DOUBLE (Line Drive, 89D)
Batting: RHB Theodore Burns 0-0: Ball
1-0: Foul Ball, location: 2F
1-1: Ball
2-1: Ball
3-1: Base on Balls
Batting: LHB Félix Costa 0-0: Foul Ball, location: 2F
0-1: Fielders Choice at 2nd, 6-4 (Groundball, 6)
Phil Wright to third
Batting: SHB Cristián López 0-0: Ball
1-0: Called Strike
1-1: Foul Ball, location: 2F
1-2: Grounds into double play, 6-4-3 (Groundball, 6)
Top of the 8th over - 0 runs, 1 hit, 0 errors, 1 left on base; Penquannock 2 - Minnesota 7
BOTTOM OF THE 8TH
Minnesota ManBearPigs batting - Pitching for Penquannock Overrated Jeter : RHP Gilbert Bright
Batting: RHB Jeffrey Hicks 0-0: Called Strike
0-1: Ball
1-1: DOUBLE (Line Drive, 9LD)
Batting: SHB Juan Carlos González 0-0: Foul Ball, location: 2F
0-1: Ball
1-1: Swinging Strike
1-2: Ball
2-2: Ball
3-2: Fly out, F7 (Line Drive, 78M)
Batting: LHB Pedro Escobar 0-0: Swinging Strike
0-1: Ground out 4-3 (Groundball, 4)
Jeffrey Hicks to third
Batting: RHB James Hunter 0-0: Called Strike
0-1: Foul Ball, location: 2F
0-2: Ball
1-2: Strikes out swinging
Bottom of the 8th over - 0 runs, 1 hit, 0 errors, 1 left on base; Penquannock 2 - Minnesota 7
TOP OF THE 9TH
Penquannock Overrated Jeter batting - Pitching for Minnesota ManBearPigs : RHP Danny Johnston
Batting: RHB Manny Perea 0-0: Called Strike
0-1: Ground out 6-3 (Groundball, 6)
Batting: LHB José Morales 0-0: Ball
1-0: Called Strike
1-1: Fly out, F7 (Flyball, 7S)
Batting: RHB Bobby Hendricks 0-0: Ball
1-0: Called Strike
1-1: Ball
2-1: Ball
3-1: Base on Balls
Pitching: RHP Ricardo Alonso
Batting: RHB Guillermo Gracía 0-0: Swinging Strike
0-1: Called Strike
Balk!
Bobby Hendricks to second
0-2: Strikes out swinging
Top of the 9th over - 0 runs, 0 hits, 0 errors, 1 left on base; Penquannock 2 - Minnesota 7
Saturday, April 7th, 2018 - OOTP Baseball 18.8 Build 76